 Dungeon Crawl Stone Soup version bcrawl-1.37.2 (webtiles) character file.

Game seed: 15140195643598335684

83303 Mehrunes the Magician (level 3, -10/24 HPs)
             Began as a Mummy Fire Elementalist on Nov 12, 2022.
             Mangled by an ogre
             ... wielding a +0 giant spiked club
              (24 damage)
             ... on level 2 of the Dungeon.
             The game lasted 00:02:41 (2197 turns).

Mehrunes the Magician (Mummy Fire Elementalist)     Turns: 2197, Time: 00:02:42

Health: -10/24     AC:  3    Str: 11    XL:     3   Next: 39%
Magic:  5/8        EV: 12    Int: 15    God:
Gold:   145        SH:  0    Dex: 12    Spells: 5/9 levels left

rFire    x . .     GDR:     24% e - +0 whip
rCold    + . .     SeeInvis .   (no shield)
rNeg     + + +     Gourm    .   a - +0 robe
rPois    ∞         Faith    .   f - +0 helmet
rElec    .         Spirit   .   (no cloak)
rCorr    .         Reflect  .   (no gloves)
MR       .....     Clarity  +   (no boots)
Stlth    ++........             (no amulet)
HPRegen  0.14/turn              (no ring)
MPRegen  0.11/turn              (no ring)

@: very slightly contaminated
A: no food or potions, fire vulnerability, clarity, cold resistance 1, negative
energy resistance 3, torment resistance, unbreathing, strong hexes 1
a: no special abilities


You were on level 2 of the Dungeon.
You were not hungry.

You visited 1 branch of the dungeon, and saw 2 of its levels.

You collected 145 gold pieces.

Inventory:

Hand Weapons
 e - a +0 whip (weapon)
 g - a +0 hunting sling
Missiles
 d - 446 stones (quivered)
Armour
 a - a +0 robe (worn)
 f - a +0 helmet (worn)
 j - a +0 leather armour
Wands
 c - a wand of flame (4)
Scrolls
 b - a scroll of immolation {unknown}
 h - 2 scrolls of enchant weapon {unknown}
 i - 2 scrolls of identify


   Skills:
 - Level 1.5 Dodging
 - Level 2.1 Stealth
 + Level 3.5 Spellcasting
 + Level 1.6 Conjurations
 + Level 2.9 Fire Magic


You had 5 spell levels left.
You knew the following spells:

 Your Spells              Type           Power        Failure   Level  Hunger
a - Flame Tongue          Conj/Fire      #....        8%          1    N/A
b - Conjure Flame         Conj/Fire      #.......     22%         3    N/A

Your spell library contained the following spells:

 Spells                   Type           Power        Failure   Level  Hunger
 Flaming Arrows           Chrm/Fire      #.......     16%         2    N/A
 Inner Flame              Hex/Fire       N/A          30%         3    N/A
 Sticky Flame             Conj/Fire      #.......     58%         4    N/A
 Fireball                 Conj/Fire      #.........   90%         5    N/A

Dungeon Overview and Level Annotations

Branches:
Dungeon (2/12)

Altars:

Annotations:
D:2 1 exclusion, Sigmund


Innate Abilities, Weirdness & Mutations

You do not eat or drink.
Your flesh is vulnerable to fire.
You are immune to poison.
You possess an exceptional clarity of mind.
Your flesh is cold resistant. (rC+)
You are immune to negative energy. (rN+++)
You are immune to unholy pain and torment.
You can survive without breathing.
Your hexes are more powerful.


Message History

The ogre is lightly wounded.
The ogre hits you with a +0 giant spiked club!!
Ouch! That really hurt!
* * * LOW HITPOINT WARNING * * *
Press: ? - help, v - describe, . - travel
There is a rock wall here.
Pillar chosen.
Step on one of the excluded tiles and press space to continue.
Starting manual walk.
Your magical contamination has completely faded away.
The ogre hits you with a +0 giant spiked club.
Casting: Flame Tongue (safe; 8% risk of failure)
Confirm with . or Enter, or press ? or * to list all spells.
Aiming: Conjure Flame (safe; 22% risk of failure)
Press: ? - help, Dir - move target cursor You miscast Conjure Flame.
You are very lightly contaminated with residual magic.
A wave of violent energy washes through your body!
The ogre hits you with a +0 giant spiked club!!
Ouch! That really hurt!
You die...

.# #.#########.#.########.#. .#
#.# #.#.##.......#. .### #.#
#.#.##.#.....#. ...######.#
#.#.##.#.#<..#. ...'......#
#.#.##.#.#...#. ...#########
#.#.##.#.#.#.#. .####......#
#.#.##.#...#.#.
.####......########.#.##.#####.#.
!...............@O.)....>......#.
#####..........####.#.#.#########
..# ####.#.....# #.#O#..........
..# #.#.....# #.#.########### ..#
#.######## #.#.# ..# #.# #...#
#.#.########### #.# #.# #...#
#..............
#.######.####...#####............
....................'............


You could see an ogre.

Vanquished Creatures
  An ooze (D:2)
  A worm (D:2)
  A dart slug (D:1)
  A leopard gecko (D:2)
  3 giant cockroaches
  3 goblins
  3 hobgoblins (D:1)
  7 kobolds
  2 quokkas
  5 bats
  3 frilled lizards
  A rat (D:1)
31 creatures vanquished.

Notes
Turn   | Place    | Note
-------+----------+-------------------------------------------
     0 | D:1      | Mehrunes the Mummy Fire Elementalist began the quest for
                  | the Orb.
     0 | D:1      | Reached XP level 1. HP: 13/13 MP: 4/4
   114 | D:1      | Reached skill level 1 in Conjurations
   146 | D:1      | Reached skill level 3 in Spellcasting
   173 | D:1      | Reached XP level 2. HP: 19/19 MP: 3/6
  1129 | D:2      | Reached XP level 3. HP: 24/24 MP: 3/7
  1384 | D:2      | Noticed Sigmund
  1669 | D:2      | Noticed an ogre
  1707 | D:1      | Learned a level 3 spell: Conjure Flame
  2197 | D:2      | Mangled by an ogre

Skill      XL: |  1 |
---------------+----+-----
Conjurations   | 1 |  1.6
Spellcasting   | 3 |  3.5
Dodging        | |  1.5
Stealth        | |  2.1
Fire Magic     | |  2.9

Action                   || total
-------------------------++-------
Melee: Unarmed           ||     3
       Whip              ||     1
 Cast: Flame Tongue      ||    61
Armor: Robe              ||     4
Dodge: Dodged            ||    23
